 Dungeon Crawl Stone Soup version 0.29-a0-582-ge82337ba6a (webtiles) character file.

Game seed: 11201099452111893403

16773 ziggurnaut the Nimble (level 13, -2/126 HPs)
             Began as a Meteoran Transmuter on June 15, 2022.
             Was a Believer of Wu Jian.
             Slain by an eight-headed hydra (9 damage)
             ... on level 4 of the Lair of Beasts.
             The game lasted 00:41:05 (7478 turns).

ziggurnaut the Nimble (Meteoran Transmuter)         Turns: 7478, Time: 00:41:06

Health: -2/126     AC: 12    Str: 13    XL:     13   Next: 8%
Magic:  6/24       EV: 18    Int: 19    God:    Wu Jian [**....]
Gold:   611        SH:  0    Dex: 15    Spells: 1/26 levels left

rFire   . . .      SeeInvis .     - Unarmed
rCold   . . .      Faith    .   u - orb {*Rage}
rNeg    . . .      Spirit   .   E - +2 robe {Will+}
rPois   .          Reflect  .   (no helmet)
rElec   .          Harm     .   (no cloak)
rCorr   .          Rampage  .   n - +1 pair of gloves
Will    ++...      Rage     20% (no boots)
Stlth   +.........              c - amulet of regeneration
HPRegen 1.11/turn               s - +4 ring of slaying
MPRegen 0.19/turn               w - +4 ring of protection

@: on berserk cooldown, spewing sludge, glowing, very slow
A: sense surroundings 2, otherworldly, glowing, explore regen, hooves 1,
iridescent scales 1, robust 1, MP-powered wands
a: Renounce Religion, Wall Jump


You were on level 4 of the Lair of Beasts.
You worshipped Wu Jian.
Wu Jian was pleased with you.
You visited 3 branches of the dungeon, and saw 14 of its levels.
You also visited: Ossuary.

You collected 611 gold pieces.

Inventory:

Hand Weapons
 k - a +4 double sword of draining
Missiles
 h - 17 poisoned darts (quivered)
Armour
 a - a +0 robe
 g - +0 fire dragon scales
 n - a +1 pair of gloves (worn)
 u - an orb of wrath (worn)
 C - a scarf of harm
 E - a +2 robe of willpower (worn)
Jewellery
 c - an amulet of regeneration (around neck)
 r - a ring of flight
 s - a +4 ring of slaying (left hand)
 w - a +4 ring of protection (right hand)
 A - an amulet of reflection
Wands
 f - a wand of flame (24)
 x - a wand of polymorph (6)
 B - a wand of digging (3)
 F - a wand of mindburst (6)
 H - a wand of charming (3)
 J - a wand of iceblast (7)
Scrolls
 j - a scroll of immolation
 l - 5 scrolls of poison
 m - 7 scrolls of teleportation
 q - 2 scrolls of vulnerability
 D - a scroll of amnesia
Potions
 b - 4 potions of lignification
 d - 6 potions of flight
 e - 3 potions of haste
 i - 6 potions of curing
 o - 2 potions of magic
 p - a potion of invisibility
 t - a potion of heal wounds
 v - 2 potions of brilliance
 z - 2 potions of mutation


   Skills:
 + Level 10.8 Fighting
 + Level 11.8 Dodging
 - Level 9.0 Unarmed Combat
 - Level 7.0 Spellcasting
 - Level 2.0 Necromancy
 - Level 10.0 Transmutations
 - Level 1.0 Ice Magic
 - Level 9.0 Poison Magic
 - Level 4.0 Evocations


You had one spell level left.
You knew the following spells:

 Your Spells              Type           Power      Damage    Failure   Level
a - Beastly Appendage     Tmut           88%        N/A       1%          1
b - Swiftness             Air            6%         N/A       30%         3
m - Ice Form              Ice/Tmut       27%        N/A       11%         4
n - Spider Form           Tmut/Pois      42%        N/A       1%          3
z - Vampiric Draining     Necr           14%        2d7       13%         3
B - Eringya's Noxious Bo  Tmut/Pois      21%        N/A       30%         6
X - Alistair's Intoxicat  Tmut/Pois      28%        N/A       5%          5

Your spell library contained the following spells:

 Spells                   Type           Power      Damage    Failure   Level
 Sting                    Tmut/Pois      100%       1d8       1%          1
 Necrotize                Necr           56%        1d6       4%          1
 Shock                    Conj/Air       24%        1d4       10%         1
 Wereblood                Tmut           44%        N/A       1%          2
 Poisonous Vapours        Pois/Air       46%        N/A       2%          2
 Olgreb's Toxic Radiance  Pois           40%        N/A       2%          4
 Gell's Gravitas          Tloc           6%         N/A       30%         3
 Lesser Beckoning         Tloc           6%         N/A       30%         3
 Teleport Other           Tloc           6%         N/A       30%         3
 Irradiate                Conj/Tmut      12%        3d17      34%         5
 Airstrike                Air            3%         N/A       69%         4
 Agony                    Necr           14%        N/A       77%         5
 Statue Form              Tmut/Erth      16%        N/A       89%         6
 Necromutation            Tmut/Necr      14%        N/A       100%        8


Dungeon Overview and Level Annotations

Branches:
Dungeon (9/15)             Temple (1/1) D:7            Lair (4/6) D:9
  Swamp (0/4) Lair:2        Snake (0/4) Lair:2      Ossuary (visited)
    Orc: D:9-12

Altars:
Gozag
Hepliaklqana
Makhleb
Nemelex Xobeh
Ru
Vehumet
Wu Jian
Xom
Yredelemnul
Zin
The Shining One

Shops:
D:4 :


Innate Abilities, Weirdness & Mutations

You passively map the area around you.
You are easily found by Zot.
You glow in the dark.
You regain HP and MP as you explore.
You have large cloven feet.
You are partially covered in iridescent scales. (AC +2)
You are robust. (+10% HP)
You expend magic power (3 MP) to strengthen your wands.


Message History

The eight-headed hydra bites you.
* * * LOW HITPOINT WARNING * * *
The eight-headed hydra bites you but does no damage.
The eight-headed hydra closely misses you.
The eight-headed hydra misses you.
The eight-headed hydra bites you but does no damage.
The eight-headed hydra bites you.
* * * LOW HITPOINT WARNING * * *
The eight-headed hydra bites you.
* * * LOW HITPOINT WARNING * * *
The torpor snail festers in the toxic bog!
The torpor snail looks as sick as possible!
Unknown command.
Unknown command.
Unknown command.
AUTOQUIT IS NOT ENABLED!
Type p AUTOQUIT IS NOT ENABLED!
Type p AUTOQUIT IS NOT ENABLED!
Type p AUTOQUIT IS NOT ENABLED!
Type p Lua error: [string "/dgldir/rcfiles/crawl-git/ziggurnaut.rc"]:787: bad argument #1 to 'char' (invalid value)
The eight-headed hydra attacks as you move away!
The eight-headed hydra closely misses you.
The eight-headed hydra completely misses you.
The eight-headed hydra misses you.
The eight-headed hydra bites you but does no damage. x2
The eight-headed hydra misses you. x3
You feel yourself speed up.
The basilisk festers in the toxic bog!
The basilisk looks as sick as possible!
Your black mamba festers in the toxic bog!
Your black mamba looks as sick as possible!
You kill your black mamba!
Your black mamba's corpse dissolves into shadows!
The eight-headed hydra festers in the toxic bog!
The eight-headed hydra looks as sick as possible!
The eight-headed hydra bites you!
You die...

*, ..### ##.## #.8..
,.....##..P##...# * * *
.....#.#.P#....# *
.............# ** * #....8....#
#.≈.≈.≈≈.# ##########.8≈≈≈8..#
#...#...##.≈.≈.≈.##
#........≈lw8@≈≈.#####
###....##≈≈≈≈.D≈≈≈...#.#####
.#........≈≈.#≈≈≈≈#...†..##.#
...(†††.......≈≈≈≈.#..†.....#
..#......8...≈≈≈≈≈.#.#.†.†>†##
#..$..#...#.≈≈≈#..#...##..††##
#.......#+#......#####..#####.##
#..##............# #####.....##
### ##..#P.....### ##......


You could see an eight-headed hydra (extremely poisoned), a torpor snail
(extremely poisoned) and a basilisk (extremely poisoned).

Vanquished Creatures
  A boulder beetle (Lair:3)
  Pikel (D:4)
  2 black mambas
  Joseph (D:7)
  7 cane toads
  Maggie (D:8)
  A komodo dragon (Lair:4)
  Prince Ribbit (D:7)
  A polar bear (Lair:2)
  2 hornets
  8 blink frogs
  2 wyverns
  16 yaks
  Eustachio (D:4)
  Menkaure (D:6)
  3 nagas (Lair:2)
  8 water moccasins
  Duvessa (D:6)
  3 ice beasts
  An orc warrior (D:8)
  2 black bears
  2 sky beasts
  2 ogres (D:5)
  2 centaurs
  15 wolves
  2 phantoms
  A lemure (D:4)
  3 kobold brigands
  12 bullfrogs
  2 scorpions (D:9)
  A gnoll sergeant (D:7)
  6 wights
  Dowan (D:6)
  6 killer bees
  6 electric eels
  2 howler monkeys
  2 orc priests
  2 gnoll shamans
  8 hounds
  Ijyb (D:4)
  Natasha (D:3)
  4 iguanas
  4 orc wizards
  14 mummies (Ossuary)
  14 gnolls
  6 adders
  2 shadow imps (D:7)
  3 ufetubi
  2 worms (D:3)
  24 orcs
  7 endoplasms
  4 giant cockroaches
  9 goblins
  8 hobgoblins
  3 jackals (D:2)
  6 quokkas
  4 ball pythons
  6 bats
  3 frilled lizards
  3 gnoll skeletons (Ossuary)
  A goblin skeleton (Ossuary)
  11 kobolds
  2 kobold skeletons (Ossuary)
  2 orc skeletons (Ossuary)
  5 rats
  11 rat skeletons (Ossuary)
299 creatures vanquished.

Vanquished Creatures (collateral kills)
  Edmund (D:4)
  A giant cockroach (D:2)
2 creatures vanquished.

Vanquished Creatures (others)
  29 fungi
  90 plants
119 creatures vanquished.

Grand Total: 420 creatures vanquished

Notes
Turn   | Place    | Note
-------+----------+-------------------------------------------
     0 | D:1      | ziggurnaut the Meteoran Transmuter began the quest for the
                  | Orb.
     0 | D:1      | Reached XP level 1. HP: 16/16 MP: 5/5
   132 | D:1      | Reached XP level 2. HP: 23/23 MP: 4/6
   288 | D:1      | Found a faded altar of an unknown god.
   389 | D:1      | Reached XP level 3. HP: 27/29 MP: 6/8
   393 | D:1      | Learned a level 3 spell: Spider Form
   501 | D:1      | Glimpsed the power of Zot.
   732 | D:2      | Reached skill level 3 in Dodging
   780 | D:2      | Reached XP level 4. HP: 25/36 MP: 5/9
   962 | D:2      | Reached XP level 5. HP: 41/42 MP: 7/10
  1084 | D:3      | You fall into a shaft and drop 1 floor!
  1096 | D:4      | Found an opulent altar of Gozag.
  1099 | D:4      | Noticed Edmund
  1101 | D:4      | Gained mutation: You are robust. (+10% HP) [potion of
                  | mutation]
  1101 | D:4      | Gained mutation: You expend magic power (3 MP) to
                  | strengthen your wands. [potion of mutation]
  1101 | D:4      | Gained mutation: You are partially covered in iridescent
                  | scales. (AC +2) [potion of mutation]
  1101 | D:4      | Gained mutation: You have large cloven feet. [potion of
                  | mutation]
  1125 | D:4      | Killed Edmund
  1126 | D:4      | Reached skill level 4 in Dodging
  1126 | D:4      | Reached skill level 1 in Poison Magic
  1126 | D:4      | Reached XP level 6. HP: 30/56 MP: 11/11
  1137 | D:4      | Noticed Ijyb
  1163 | D:4      | Killed Ijyb
  1164 | D:4      | Reached skill level 5 in Unarmed Combat
  1202 | D:4      | Reached XP level 7. HP: 28/62 MP: 8/12
  1204 | D:4      | Found a sand-covered staircase.
  1336 | D:4      | Noticed Eustachio
  1350 | D:4      | Killed Eustachio
  1372 | Ossuary  | Entered an ossuary
  1379 | Ossuary  | Learned a level 4 spell: Ice Form
  1382 | Ossuary  | Learned a level 2 spell: Wereblood
  1420 | Ossuary  | Reached skill level 5 in Transmutations
  1434 | Ossuary  | Reached skill level 5 in Dodging
  1480 | Ossuary  | Reached XP level 8. HP: 72/72 MP: 13/13
  1517 | Ossuary  | Reached skill level 1 in Ice Magic
  2015 | D:4      | Noticed Pikel
  2032 | D:4      | Killed Pikel
  2033 | D:4      | Reached skill level 5 in Fighting
  2033 | D:4      | Reached skill level 6 in Dodging
  2033 | D:4      | Gained mutation: You passively map the area around you.
                  | [Meteoran growth]
  2033 | D:4      | Reached XP level 9. HP: 46/81 MP: 12/14
  2039 | D:4      | Learned a level 3 spell: Vampiric Draining
  2045 | D:4      | Found Iwkyidwa's Book Emporium.
  2161 | D:4      | Reached skill level 1 in Necromancy
  2234 | D:3      | Found a basalt altar of Yredelemnul.
  2236 | D:3      | Found a faded altar of an unknown god.
  2668 | D:3      | Noticed Natasha
  2673 | D:3      | Killed Natasha
  2683 | D:3      | Glimpsed the power of Zot.
  2733 | D:3      | Glimpsed the power of Zot.
  2773 | D:4      | Glimpsed the power of Zot.
  2781 | D:5      | Entered Level 5 of the Dungeon
  2787 | D:5      | Got the Guide on Poisoning
  2992 | D:5      | Reached skill level 7 in Dodging
  2992 | D:5      | Reached skill level 1 in Evocations
  3290 | D:5      | Glimpsed the power of Zot.
  3474 | D:6      | Noticed Menkaure
  3474 | D:6      | Noticed Dowan
  3479 | D:6      | Killed Menkaure
  3481 | D:6      | Noticed Duvessa
  3490 | D:6      | Killed Duvessa
  3493 | D:6      | Killed Dowan
  3525 | D:6      | Identified a scroll of acquirement
  3525 | D:6      | Acquired the Tome of Shape Shifting
  3531 | D:6      | Learned a level 3 spell: Swiftness
  3568 | D:6      | Reached XP level 10. HP: 91/91 MP: 14/17
  3623 | D:6      | Reached skill level 8 in Dodging
  3666 | D:6      | Reached skill level 5 in Spellcasting
  3795 | D:6      | Learned a level 5 spell: Alistair's Intoxication
  3898 | D:6      | Glimpsed the power of Zot.
  3949 | D:6      | Glimpsed the power of Zot.
  4233 | D:7      | Noticed Joseph
  4242 | D:7      | Killed Joseph
  4261 | D:7      | Reached skill level 5 in Poison Magic
  4490 | D:7      | Noticed Prince Ribbit
  4499 | D:7      | Killed Prince Ribbit
  4500 | D:7      | Reached XP level 11. HP: 83/101 MP: 11/19
  4506 | D:7      | Glimpsed the power of Zot.
  4556 | D:7      | Glimpsed the power of Zot.
  4589 | D:7      | Found a staircase to the Ecumenical Temple.
  4596 | Temple   | Entered the Ecumenical Temple
  4622 | Temple   | Became a worshipper of the Wu Jian Council
  4648 | D:7      | Glimpsed the power of Zot.
  4657 | D:7      | Glimpsed the power of Zot.
  4658 | D:7      | Touched by the power of Zot.
  4916 | D:8      | Noticed Maggie
  4926 | D:8      | Killed Maggie
  4965 | D:8      | Found a glowing golden altar of the Shining One.
  4965 | D:8      | Found a radiant altar of Vehumet.
  4965 | D:8      | Found a shimmering altar of Xom.
  5356 | D:8      | Glimpsed the power of Zot.
  5455 | D:9      | Reached * piety under Wu Jian
  5468 | D:9      | Found a staircase to the Lair.
  5515 | Lair:1   | Entered Level 1 of the Lair of Beasts
  5527 | Lair:1   | Noticed a black mamba
  5672 | Lair:1   | Killed a black mamba
  5673 | Lair:1   | Reached skill level 9 in Dodging
  6006 | Lair:1   | Glimpsed the power of Zot.
  6016 | Lair:1   | Noticed a six-headed hydra
  6057 | Lair:1   | Glimpsed the power of Zot.
  6058 | Lair:1   | Acquired a +4 ring of protection
  6110 | Lair:2   | Reached XP level 12. HP: 98/113 MP: 15/22
  6161 | Lair:2   | Found a staircase to the Snake Pit.
  6171 | Lair:2   | Reached skill level 10 in Dodging
  6199 | Lair:2   | Found a staircase to the Swamp.
  6222 | Lair:2   | Reached ** piety under Wu Jian
  6605 | Lair:2   | Glimpsed the power of Zot.
  6772 | Lair:3   | Noticed a boulder beetle
  6789 | Lair:3   | HP: 3/116 [something (11)]
  6790 | Lair:3   | Killed a boulder beetle
  6813 | Lair:3   | Reached skill level 11 in Dodging
  6950 | Lair:3   | Reached skill level 10 in Fighting
  7201 | Lair:3   | Glimpsed the power of Zot.
  7251 | Lair:3   | Glimpsed the power of Zot.
  7361 | Lair:4   | Reached skill level 10 in Transmutations
  7370 | Lair:4   | Learned a level 6 spell: Eringya's Noxious Bog
  7400 | Lair:4   | Reached XP level 13. HP: 91/125 MP: 16/24
  7456 | Lair:4   | Reached *** piety under Wu Jian
  7458 | Lair:4   | Noticed an eight-headed hydra
  7477 | Lair:4   | HP: 6/126 [eight-headed hydra (5)]
  7478 | Lair:4   | Slain by an eight-headed hydra

Illustrated notes

Levels and vault maps discovered:
D:1:      wheals_arrival_shading, layout_rooms,
          shapermc_ecumenical_altar_notcrosses, minivault_24
D:2:      layout_rooms
D:3:      layout_loops_ring, nicolae_overflow_ecumenical_swirl,
          minmay_checkerbox, uniq_natasha, uniq_robin
D:4:      layout_gridville, mainiacjoe_overflow_boulevard, serial_shops, shop,
          nicolae_ossuary_entry_false_entrances, minmay_crystal_room,
          uniq_pikel, uniq_eustachio, uniq_ijyb, uniq_edmund
D:5:      layout_basic
D:6:      layout_basic, uniq_crazy_yiuf_cottage, uniq_duvessa, uniq_menkaure
D:7:      layout_basic, minmay_temple_entry_crystal_x, minmay_bent, uniq_joseph,
          uniq_prince_ribbit1
D:8:      layout_basic, grunt_temple_overflow_cloverleaf, uniq_maggie
D:9:      layout_loops_ring, due_lair_maze_entry_diamond
Temple:   regret_index_temple_waves
Lair:1:   layout_loops_ring, grunt_megastairs_5, serial_bayou_shore_a
Lair:2:   layout_cave_pods, minmay_swamp_entry_eels,
          minmay_snake_entry_guardpost_small, minmay_stone_trees_small,
          lemuel_fruit_tree
Lair:3:   layout_hall_layers, serial_forest, infiniplex_forest_lined_2,
          infiniplex_forest_corner_2, infiniplex_forest_end_3,
          infiniplex_forest_clump_cross, infiniplex_forest_end_3,
          infiniplex_forest_straight_2, infiniplex_forest_corner_2
Lair:4:   minmay_guarded_unrand_snakebite, layout_cave_pods, grunt_megastairs_4

Skill      XL: |  1  2  3  4  5  6  7  8  9 10 11 12 |
---------------+-------------------------------------+-----
Transmutations | 3 4 5 6 8 9 10 | 10.0
Unarmed Combat | 4 5 6 8 9 |  9.0
Dodging        | 3 4 5 6 7 8 9 11 | 11.8
Fighting       | 2 3 4 5 6 7 8 10 | 10.8
Poison Magic   | 1 5 9 |  9.0
Ice Magic      | 1 |  1.0
Necromancy     | 2 |  2.0
Spellcasting   | 4 5 6 7 |  7.0
Evocations     | 1 2 4 |  4.0

Action                   |  1- 3 |  4- 6 |  7- 9 | 10-12 | 13-15 || total
-------------------------+-------+-------+-------+-------+-------++-------
Melee: Unarmed           |    63 |    75 |   215 |   398 |    26 ||   777
       Kick              |     5 |       |    25 |    14 |     3 ||    47
       Headbutt          |     7 |       |     7 |       |       ||    14
       Punch             |     1 |     1 |     5 |       |       ||     7
       Long sword        |       |       |    65 |       |       ||    65
Throw: Dart              |       |       |       |     1 |     1 ||     2
 Cast: Beastly Appendage |    13 |       |     5 |     1 |       ||    19
       Spider Form       |     3 |    10 |    24 |    15 |       ||    52
       Wereblood         |       |       |     5 |       |       ||     5
       Ice Form          |       |       |     5 |    29 |       ||    34
       Alistair's Intoxi |       |       |       |     1 |       ||     1
       Eringya's Noxious |       |       |       |     1 |     3 ||     4
Invok: Lunge             |       |       |       |    10 |       ||    10
 Abil: End Transformatio |       |     5 |    16 |    37 |     1 ||    59
Evoke: Wand              |       |       |       |    19 |     3 ||    22
  Use: Scroll            |     3 |     2 |    10 |     9 |     3 ||    27
       Potion            |       |     2 |     1 |     2 |       ||     5
 Stab: Distracted        |       |     1 |       |       |       ||     1
Armor: Robe              |     8 |     3 |    21 |    12 |    38 ||    82
       Skin              |     3 |     6 |    12 |    49 |       ||    70
Dodge: Dodged            |    34 |    53 |   163 |   268 |    50 ||   568

Table legend: (Time is in decaauts)
 A = Elapsed time spent in this place.
 B = Non-inter-level travel time spent in this place.
 C = Inter-level travel time spent in this place.
 D = Time resting spent in this place.
 E = Time spent auto-exploring this place.
 F = Levels seen in this place.
 G = Mean time per level.
                   A        B        C        D        E       F      G
               +--------+--------+--------+--------+--------+-----+--------+
         Total |   7463 |   7169 |    294 |     72 |   3438 |  15 |  497.5 |
       Dungeon |   5052 |   4853 |    199 |     64 |   2357 |   9 |  561.3 |
        Temple |     51 |     27 |     24 |      0 |      0 |   1 |   51.0 |
          Lair |   1978 |   1907 |     71 |      8 |    958 |   4 |  494.5 |
       Ossuary |    380 |    380 |      0 |      0 |    123 |   1 |  380.0 |
               +--------+--------+--------+--------+--------+-----+--------+

Top non-repeatable levels by time:
     D:4: 816 daAuts
     D:8: 698 daAuts
     D:7: 640 daAuts
     D:6: 629 daAuts
  Lair:3: 604 daAuts
  Lair:2: 575 daAuts
  Lair:1: 570 daAuts
     D:5: 545 daAuts
     D:2: 545 daAuts
     D:3: 519 daAuts
     D:1: 516 daAuts
 Ossuary: 380 daAuts
  Lair:4: 227 daAuts
     D:9: 141 daAuts
  Temple: 51 daAuts
